AoeStats
← 765611984506

MegaRandom

510121113Analyzed
4v4 RM · 1d ago on Sep 29, 2026· 70m 25s· 8 players
Game mode
Random Map
Map size
Large (8 player)
Population
200
Speed
Normal
Resources
Standard
Victory
Conquest
Starting age
Dark Age
Ending age
Imperial Age
RankedLock teamsTeams togetherTeam positionsShared explorationLock speedFull tech treeHidden civsTurbo modeCheats
Victory
Defeat
🇹🇼 Berbers · Taiwan
1251
+13
🇨🇳 Vietnamese · China
1225
+14
🇩🇪 Mongols · Germany
1169
+16
🇹🇼 Franks · Taiwan
1134
+49
🇷🇺 Malians · Russia
1240
-18
🇨🇳 Britons · China
1183
-15
🇧🇷 Saracens · Brazil
1171
-15
🇨🇱 Cumans · Chile
1121
-13
Minneapolis
0:37 Loom
Demshredz
0:35 Loom
10:05 Feudal Age
14:57 Castle Age
15:25 Wheelbarrow
14:39 Double-Bit Axe
16:20 Bow Saw
17:32 Hand Cart
18:26 Stone Mining
20:45 Horse Collar
21:28 Heavy Plow
23:58 Gold Mining
24:41 Fletching
24:51 Padded Archer Armor
25:32 Bodkin Arrow
25:50 Bloodlines
26:07 Ballistics
26:10 Husbandry
27:38 Leather Archer Armor
34:09 Imperial Age
32:38 Gold Shaft Mining
34:10 Elite Mangudai
35:11 Conscription
35:54 Chemistry
34:58 Bracer
40:12 Elite Steppe Lancer
41:18 Scale Barding Armor
41:24 Forging
58:45 Medium Warships
61:13 Heavy Warships
67:52 Fishing Lines
68:43 Gillnets
70:00 Spies/Treason
BøM_從小不缺鮑魚
7:00 Loom
8:51 Feudal Age
9:43 Double-Bit Axe
17:56 Castle Age
16:09 Scale Barding Armor
16:20 Gold Mining
17:10 Bloodlines
17:43 Forging
18:11 Light Cavalry
18:56 Horse Collar
19:46 Heavy Plow
23:06 Bow Saw
25:28 Husbandry
28:39 Stone Mining
32:46 Imperial Age
31:17 Wheelbarrow
31:20 Gold Shaft Mining
31:12 Chain Barding Armor
30:46 Fishing Lines
32:15 Gillnets
32:52 Hand Cart
33:20 Iron Casting
35:25 Crop Rotation
34:17 Cavalier
36:18 Plate Barding Armor
36:46 Blast Furnace
37:48 Chemistry
37:09 Ballistics
39:29 Conscription
40:07 Siege Engineers
39:25 Hussar
41:28 Treadmill Crane
41:59 Masonry
41:14 Heavy Camel Rider
42:31 Fletching
42:42 Padded Archer Armor
42:51 Caravan
44:00 Murder Holes
45:23 Bodkin Arrow
45:43 Leather Archer Armor
46:07 Coinage
45:48 Guilds
45:33 Elite Genitour
46:21 Thumb Ring
46:20 Bracer
48:18 Banking
48:24 Ring Archer Armor
52:44 Town Watch
53:55 Scale Mail Armor
56:01 Medium Warships
55:43 Pikeman
56:09 Arson
55:49 Elite Skirmisher
55:56 Elite Camel Archer
56:00 Capped Ram
56:01 Heavy Scorpion
58:08 Heavy Warships
57:07 Elite Cannon Galleon
57:11 Demolition Ship
57:53 Arrowslits
57:58 Guard Tower
58:14 Siphons
58:19 Fortified Wall
58:30 Shipwright
58:14 Town Patrol
59:00 Hoardings
57:52 Onager
59:40 Chain Mail Armor
59:28 Squires
58:48 Man-at-Arms
58:51 Imperial Skirmisher
58:53 Crossbowman
60:05 Maghrebi Camels
60:15 Maghrebi Camels
60:28 Heated Shot
60:49 Clinker Construction
60:49 Careening
60:06 Long Swordsman
61:31 Plate Mail Armor
60:28 Demolition Ship
63:57 Carvel Hull
63:10 Spies/Treason
63:50 Kasbah
64:04 Fervor
64:21 Illumination
63:19 Heavy Demolition Ship
64:48 Two-Handed Swordsman
66:01 Dry Dock
65:53 Redemption
65:44 Atonement
65:15 Heavy Cavalry Archer
765611984506
0:48 Loom
9:46 Feudal Age
张维为
0:29 Loom
11:43 Feudal Age
13:57 Double-Bit Axe
15:03 Fletching
19:19 Castle Age
18:54 Fishing Lines
19:22 Town Watch
20:17 Crossbowman
23:26 Wheelbarrow
24:26 Bodkin Arrow
24:46 Medium Warships
25:43 Gold Mining
25:45 Stone Mining
26:56 Gillnets
32:58 Imperial Age
31:54 Yeomen
33:41 Bracer
34:04 Conscription
33:15 Arbalester
34:26 Ballistics
35:06 Chemistry
35:18 Scale Mail Armor
35:28 Forging
35:30 Pikeman
36:11 Squires
36:27 Halberdier
37:25 Chain Mail Armor
38:58 Plate Mail Armor
38:41 Murder Holes
38:57 Masonry
38:29 Treadmill Crane
40:21 Architecture
49:54 Fervor
53:29 Careening
53:29 Clinker Construction
53:30 Siphons
54:05 Heavy Warships
58:12 Bow Saw
63:06 Demolition Ship
65:18 Heavy Demolition Ship
Nichelson3360
0:35 Loom
10:36 Feudal Age
13:25 Fishing Lines
16:01 Castle Age
15:58 Double-Bit Axe
17:31 Bow Saw
17:44 Horse Collar
23:26 Fletching
25:09 Squires
26:14 Pikeman
28:04 Bodkin Arrow
28:22 Gold Mining
28:50 Fishing Lines
29:34 Padded Archer Armor
30:49 Ballistics
30:46 Gillnets
32:08 Forging
31:58 Scale Mail Armor
32:47 Thumb Ring
34:28 Chain Mail Armor
34:48 Iron Casting
34:29 Leather Archer Armor
34:37 Bloodlines
37:30 Stone Mining
40:30 Imperial Age
50:31 Imperial Age
grain8720
0:34 Loom
Moa
Connection lost

Rejoining the realm…

Still unreachable

The connection could not be restored.

Session expired

The server has moved on; the page needs a fresh start.